 Dungeon Crawl Stone Soup version 0.27-a0-109-g416527ed24 (webtiles) character file.

Game seed: 13843626038285629717

21854 jasper the Cleaver (level 12, -20/110 HPs)
             Began as a Palentonga Fighter on Jan 24, 2021.
             Was an Elder of Qazlal.
             Killed from afar by Azrael (24 damage)
             ... with damnation
             ... on level 2 of the Orcish Mines.
             The game lasted 00:18:15 (15687 turns).

jasper the Cleaver (Palentonga Fighter)            Turns: 15687, Time: 00:18:16

Health: -20/110    AC: 26    Str: 24    XL:     12   Next: 57%
Magic:  14/18      EV:  3    Int: 19    God:    Qazlal [****..]
Gold:   387        SH: 21    Dex:  6    Spells: 11/11 levels left

rFire    . . .     SeeInvis +   a - +0 war axe
rCold    . . .     Faith    +   F - +0 tower shield
rNeg     . . .     Spirit   .   L - +6 chain mail of the Bells {rPois Will+ Int+7 Dex-4}
rPois    +         Reflect  .   K - +0 helmet of Hudokk {Rampage Int+3} (curse)
rElec    .         Harm     .   m - +0 cloak
rCorr    .         Rampage  +   M - +0 pair of gloves
Will     ++...                  (no barding)
Stlth    ..........             t - amulet of faith
HPRegen  0.28/turn              o - ring of willpower
MPRegen  0.16/turn              (no ring)

@: repel missiles, curled up
A: large, rugged brown scales 3, see invisible, deformed body, roll 1, armoured
tail, reflexive curl
a: Rolling Charge, Renounce Religion, Upheaval, Elemental Force


You were on level 2 of the Orcish Mines.
You worshipped Qazlal.
Qazlal was greatly pleased with you.
You visited 2 branches of the dungeon, and saw 13 of its levels.
You also visited: Ossuary.

You collected 975 gold pieces.
You spent 588 gold pieces at shops.

Inventory:

Hand Weapons
 a - a +0 war axe (weapon)
 p - a +0 flail of draining
 G - a +0 flail of protection
Missiles
 e - 33 bolts
 j - 392 stones
 n - 26 boomerangs (quivered)
Armour
 b - a +0 scale mail
 c - a +0 kite shield
 i - a +0 plate armour
 m - a +0 cloak (worn)
 q - a +1 helmet
 F - a +0 tower shield (worn)
 K - the cursed +0 helmet of Hudokk (worn) {Rampage Int+3}
   (You bought it in a shop on level 10 of the Dungeon)

   It affects your intelligence (+3).
   It bestows one free step when moving towards enemies.
   It has a curse placed upon it.
 L - the +6 chain mail of the Bells (worn) {rPois Will+ Int+7 Dex-4}
   (You bought it in a shop on level 10 of the Dungeon)

   It affects your intelligence (+7).
   It affects your dexterity (-4).
   It protects you from poison.
   It affects your willpower, your defense against some magical effects.
 M - a +0 pair of gloves (worn)
 R - a +1 barding
Jewellery
 o - a ring of willpower (left hand)
 t - an amulet of faith (around neck)
 Q - an uncursed ring of wizardry
Wands
 E - a wand of flame (33)
Scrolls
 d - 2 scrolls of blinking
 h - 4 scrolls of magic mapping
 k - 4 scrolls of remove curse
 l - 2 scrolls of fear
 v - 3 scrolls of enchant armour {unknown}
 x - a scroll of fog {unknown}
 y - 4 scrolls of amnesia
 D - 2 scrolls of teleportation {unknown}
 H - a scroll of torment {unknown}
 J - 2 scrolls of vulnerability {unknown}
 N - 3 scrolls of identify
Potions
 f - 6 potions of attraction
 g - 3 potions of haste
 r - a potion of resistance
 s - a potion of degeneration
 u - a potion of lignification
 w - 2 potions of cancellation
 z - 5 potions of curing
 A - 6 potions of flight
 B - a potion of might
 P - a potion of brilliance {unknown}
Miscellaneous
 C - a phantom mirror
 I - a box of beasts


   Skills:
 + Level 8.3 Fighting
 * Level 14.3 Axes
 + Level 7.0 Armour
 + Level 6.9 Shields
 + Level 8.4 Invocations


You had 11 spell levels left.
You didn't know any spells.
Your spell library contained the following spells:

 Spells                   Type           Power        Failure   Level
 Freeze                   Ice            0%           100%        1
 Frozen Ramparts          Ice            0%           100%        3
 Ozocubu's Armour         Ice            0%           100%        3
 Hailstorm                Conj/Ice       0%           100%        4
 Summon Ice Beast         Ice/Summ       0%           100%        4


Dungeon Overview and Level Annotations

Branches:
Dungeon (11/15)            Temple (0/1) D:7            Lair (0/6) D:9
    Orc (2/2) D:11        Ossuary (visited)
    Elf: Orc:2

Altars:
Ashenzari
Fedhas
Okawaru
Qazlal
Uskayaw
Vehumet
The Shining One

Shops:
D:10 [   D:11 !

Annotations:
D:10 2 transporters, chromaticdragonking's ghost, journeyman BaFi
Orc:2 Azrael


Innate Abilities, Weirdness & Mutations

You are completely covered in rugged brown scales. (AC +3, +7% HP)
You have supernaturally acute eyesight. (SInv)
Armour fits poorly on your strangely shaped body.
You can roll at nearby foes to attack.
You have a long armoured tail.
You curl defensively after being hit.


Message History

The blast of flame hits the fire elemental.
The fire elemental completely resists.
The blast of flame hits you!
* * * LOW HITPOINT WARNING * * *
Your earth elemental hits Azrael!
Azrael hits your earth elemental with a +3 scimitar of flaming!!
You take 10 damage, and have 3/110 hp.
The hell hound bites your earth elemental but does no damage.
The fire elemental hits your earth elemental.
The hell hound bites your earth elemental but does no damage.
Azrael hits your earth elemental with a +3 scimitar of flaming!
Your earth elemental disappears in a puff of smoke!
Azrael is momentarily hidden by a cloud of flames.
The fire elemental is struck by lightning.
The fire elemental sizzles in the rain.
You destroy the fire elemental!
Qazlal accepts your kill.
There is a stone staircase leading up here.
Azrael gestures at you.
The sphere of damnation explodes!
The damnation engulfs you!!
You die...

#### ###..# ##..@°##
#...°.§### ###.(......##
#...(§...○h.##
#.........§..# .
#.#......)...°####....
#.....(.......R○......
....$...#.....§......##
###......##....§.§...#.#


You could see Azrael and a hell hound (catching breath).

Vanquished Creatures
  A stone giant (Orc:1)
  Nessos (Orc:2)
  Josephine (D:10)
  Erica (D:8)
  4 two-headed ogres
  2 death yaks (D:9)
  2 ogre magi (D:11)
  A skeletal warrior (D:11)
  An orc sorcerer (Orc:1)
  4 trolls
  A shadow (D:11)
  A wyvern (D:8)
  3 wraiths (D:10)
  2 fire elementals (Orc:2)
  6 yaks
  Grum (D:8)
  2 water moccasins
  2 hell hounds (Orc:2)
  10 orc warriors
  2 sky beasts
  2 ice beasts
  A necrophage (D:11)
  9 ogres
  A phantom (D:9)
  4 wolves (D:8)
  4 centaurs
  3 big kobolds
  7 bullfrogs
  A water moccasin zombie (Ossuary)
  A wyvern skeleton (D:10)
  3 scorpions
  15 wights
  12 killer bees (D:10)
  2 electric eels (D:9)
  4 jellies
  3 howler monkeys (D:11)
  2 centaur zombies (D:11)
  2 quasits
  A bullfrog zombie (D:10)
  10 orc priests
  7 hounds
  A gnoll shaman (Orc:1)
  15 orc wizards
  A centaur skeleton (D:8)
  5 bullfrog skeletons
  5 iguanas
  11 worker ants
  4 big kobold zombies (Ossuary)
  A hound zombie (D:7)
  2 mummies (Ossuary)
  A howler monkey zombie (D:7)
  A worker ant zombie (D:9)
  13 gnolls
  A howler monkey skeleton (D:9)
  10 adders
  A river rat (D:9)
  2 shadow imps
  3 white imps
  An ufetubus (D:5)
  3 adder zombies (Ossuary)
  A worm (D:2)
  3 dart slugs
  11 leopard geckos
  64 orcs
  5 giant cockroaches
  A gnoll zombie (Ossuary)
  11 goblins
  11 hobgoblins
  2 jackals (D:9)
  14 kobolds
  7 quokkas
  A ball python (D:5)
  5 bats
  5 frilled lizards
  7 hobgoblin zombies (Ossuary)
  6 kobold zombies (Ossuary)
  2 orc zombies (Ossuary)
  A quokka zombie (D:7)
  10 rats
390 creatures vanquished.

Vanquished Creatures (collateral kills)
  A boulder beetle (D:11)
  A death yak (D:9)
  An orc knight (Orc:1)
  An ugly thing (D:11)
  A hornet (D:7)
  A soldier ant (D:11)
  An orc warrior (Orc:1)
  An ice beast (D:11)
  A bullfrog (D:9)
9 creatures vanquished.

Vanquished Creatures (others)
  A fungus (D:2)
  6 plants
7 creatures vanquished.

Grand Total: 406 creatures vanquished

Notes
Turn   | Place    | Note
-------+----------+-------------------------------------------
     0 | D:1      | jasper the Palentonga Fighter began the quest for the Orb.
     0 | D:1      | Reached XP level 1. HP: 20/20 MP: 1/1
   256 | D:1      | Reached XP level 2. HP: 27/27 MP: 2/2
   397 | D:1      | Reached skill level 3 in Axes
  1094 | D:1      | Reached XP level 3. HP: 33/33 MP: 3/3
  1123 | D:1      | Found a glowing golden altar of the Shining One.
  1220 | D:2      | Found a stormy altar of Qazlal.
  1230 | D:2      | Reached skill level 4 in Axes
  1308 | D:2      | Found a blossoming altar of Fedhas.
  1310 | D:2      | Became a worshipper of Qazlal Stormbringer
  1420 | D:2      | Reached XP level 4. HP: 33/40 MP: 4/4
  1899 | D:2      | Reached skill level 5 in Axes
  2163 | D:2      | Reached * piety under Qazlal
  2164 | D:2      | Reached XP level 5. HP: 48/48 MP: 5/5
  3494 | D:4      | Reached skill level 6 in Axes
  3557 | D:4      | Reached XP level 6. HP: 51/54 MP: 6/6
  3835 | D:4      | Reached skill level 7 in Axes
  4085 | D:4      | Found a hide-covered altar of Uskayaw.
  4085 | D:4      | Found an iron altar of Okawaru.
  4129 | D:5      | Entered Level 5 of the Dungeon
  4219 | D:5      | Noticed an ice beast
  4227 | D:5      | Killed an ice beast
  4228 | D:5      | Gained mutation: You curl defensively after being hit.
                  | [Palentonga growth]
  4228 | D:5      | Reached XP level 7. HP: 51/60 MP: 7/7
  4233 | D:5      | Reached skill level 8 in Axes
  4440 | D:5      | Found a sand-covered staircase.
  4467 | Ossuary  | Entered an ossuary
  4511 | Ossuary  | Reached ** piety under Qazlal
  4807 | D:5      | Reached skill level 9 in Axes
  5340 | D:6      | Reached XP level 8. HP: 61/67 MP: 8/8
  5552 | D:6      | Reached *** piety under Qazlal
  5562 | D:6      | Reached skill level 10 in Axes
  5569 | D:6      | Identified the +3 buckler "Rud Yhoy" {rElec rPois Int+5
                  | Slay-3}
  5766 | D:6      | Found a broken altar of Ashenzari.
  5853 | D:6      | Reached skill level 1 in Invocations
  6444 | D:7      | Found a staircase to the Ecumenical Temple.
  6675 | D:7      | Noticed a hornet
  6678 | D:7      | Paralysed by a hornet for 2 turns
  6682 | D:7      | Killed a hornet
  6683 | D:7      | Reached XP level 9. HP: 10/75 MP: 3/10
  7487 | D:8      | Reached **** piety under Qazlal
  7609 | D:8      | Identified the cursed +1 robe of the Arcane {rC+ Dex+4}
  7629 | D:8      | Reached skill level 11 in Axes
  8417 | D:8      | Noticed Erica
  8420 | D:8      | Noticed Grum
  8431 | D:8      | Killed Erica
  8432 | D:8      | Reached skill level 5 in Fighting
  8437 | D:8      | Killed Grum
  8445 | D:8      | Reached XP level 10. HP: 27/86 MP: 9/13
  9965 | D:9      | Found a staircase to the Lair.
  9971 | D:9      | Noticed a death yak
  9976 | D:9      | Noticed a death yak
  9976 | D:9      | Noticed a death yak
  9985 | D:9      | Killed a death yak
  9986 | D:9      | Reached skill level 12 in Axes
  9986 | D:9      | Reached skill level 5 in Invocations
  9993 | D:9      | Killed a death yak
  9994 | D:9      | Reached skill level 5 in Armour
  9994 | D:9      | Killed a death yak
 10336 | D:9      | Reached skill level 5 in Shields
 10930 | D:10     | Entered Level 10 of the Dungeon
 10937 | D:10     | Found a transporter.
 10938 | D:10     | Noticed chromaticdragonking's ghost (journeyman BaFi)
 10947 | D:10     | Noticed a moth of wrath
 10969 | D:10     | Found a transporter.
 10972 | D:10     | Noticed a four-headed hydra
 11047 | D:10     | Found Duiroros's Antique Armour Emporium.
 11055 | D:10     | Bought an ichor-stained helmet for 199 gold pieces
 11055 | D:10     | Bought a smelly chain mail for 199 gold pieces
 11055 | D:10     | Bought a pair of gloves for 94 gold pieces
 11066 | D:10     | Identified the cursed +0 helmet of Hudokk {Rampage Int+3}
                  | (You bought it in a shop on level 10 of the Dungeon)
 11076 | D:10     | Identified the +6 chain mail of the Bells {rPois Will+
                  | Int+7 Dex-4} (You bought it in a shop on level 10 of the
                  | Dungeon)
 11745 | D:10     | Reached XP level 11. HP: 49/96 MP: 15/15
 12275 | D:10     | Noticed Josephine
 12298 | D:10     | Killed Josephine
 12298 | D:10     | Reached ***** piety under Qazlal
 12509 | D:11     | Found Usavuas's Distillery.
 12509 | D:11     | Noticed a two-headed ogre
 12526 | D:10     | Killed a two-headed ogre
 12527 | D:10     | Reached skill level 13 in Axes
 12807 | D:11     | Bought 2 potions of curing for 96 gold pieces
 12987 | D:11     | Noticed a two-headed ogre
 12996 | D:11     | Killed a two-headed ogre
 13233 | D:11     | Noticed an ogre mage
 13244 | D:11     | Killed an ogre mage
 13345 | D:11     | Noticed an ogre mage
 13357 | D:11     | Killed an ogre mage
 13371 | D:11     | Noticed a two-headed ogre
 13380 | D:11     | Killed a two-headed ogre
 13380 | D:11     | Noticed a boulder beetle
 13404 | D:11     | Killed a boulder beetle
 13774 | D:11     | Noticed a green ugly thing
 13777 | D:11     | Noticed a skeletal warrior
 13791 | D:11     | Killed a green ugly thing
 13809 | D:11     | Killed a skeletal warrior
 13810 | D:11     | Reached XP level 12. HP: 32/107 MP: 13/17
 14150 | D:11     | Found a staircase to the Orcish Mines.
 14157 | D:11     | Found a radiant altar of Vehumet.
 14700 | Orc:1    | Entered Level 1 of the Orcish Mines
 14711 | Orc:1    | Noticed a stone giant
 14738 | Orc:1    | Killed a stone giant
 14840 | Orc:1    | Noticed a two-headed ogre
 14848 | Orc:1    | Killed a two-headed ogre
 14881 | Orc:1    | Reached skill level 14 in Axes
 15393 | Orc:1    | You fall into a shaft and drop 1 floor!
 15393 | Orc:2    | Entered Level 2 of the Orcish Mines
 15630 | Orc:2    | Noticed Nessos
 15641 | Orc:2    | Killed Nessos
 15659 | Orc:2    | Noticed Azrael
 15675 | Orc:2    | HP: 4/109 [Azrael/fireball (25)]
 15683 | Orc:2    | HP: 3/110 [hell hound/blast of flame[Azrael] (10)]
 15687 | Orc:2    | Killed from afar by Azrael

Illustrated notes

Levels and vault maps discovered:
D:1:      minmay_arrival_widening_spiral_wide, layout_basic, tso_altar
D:2:      layout_basic, grunt_temple_overflow_forces_of_nature
D:3:      layout_loops_ring
D:4:      layout_cave_pools, gammafunk_temple_overflow_wave,
          nrook_mini_backslash, chequers_serial_rivers_micro_b
D:5:      layout_basic, enter_ossuary_2
D:6:      cheibrodos_thug_alley, layout_basic, general_overflow_altar,
          chequers_garden
D:7:      layout_gridville, minmay_temple_entry_glassed_door
D:8:      layout_basic, serial_co_window_serial, co_window_paths_a,
          co_window_corner_a, co_window_corner_a, co_window_of_opportunity_a,
          co_window_of_opportunity_a, co_window_corner_a, co_window_cross_1,
          co_window_of_opportunity_c, co_window_cross_3, co_window_corner_b,
          co_window_broadway_b, co_window_corner_b, co_window_2corner,
          glass_columns_a, uniq_erica, uniq_grum
D:9:      layout_cave_pods, dpeg_lair_monsters, minmay_crystal_water
D:10:     layout_gridville, gammafunk_ghost_berserking_beasts, serial_shops,
          shop, uniq_josephine
D:11:     nzn_winding_woodlands_cross
          [nzn_winding_woodlands_5x15_pathside_ponds,
          nzn_winding_woodlands_5x15_pool, nzn_winding_woodlands_5x15_zeroes,
          nzn_winding_woodlands_5x15_cabin,
          nzn_winding_woodlands_15x15_killbox], layout_irregular_city,
          hiddenorc1_lemuel, basic_altar, serial_column_ruins, column_ruins_hut,
          column_ruins_open_small, column_ruins_grid_1,
          column_ruins_columns_straight, column_ruins_open_small_water,
          serial_shops, nicolae_shop_waterfront
Orc:1:    layout_diamond_mine
Orc:2:    st_orc_open, layout_diamond_mine, portal_ice_cave_entry_pillars_2,
          uniq_nessos, uniq_azrael

Skill      XL: |  1  2  3  4  5  6  7  8  9 10 11 12 |
---------------+-------------------------------------+-----
Axes           | 3 4 5 6 7 9 10 11 12 13 14 | 14.3
Invocations    | 2 4 6 7 8 |  8.4
Armour         | 3 4 5 6 7 |  7.0
Shields        | 3 4 5 6 |  6.9
Fighting       | 5 6 7 8 |  8.3

Action                   |  1- 3 |  4- 6 |  7- 9 | 10-12 || total
-------------------------+-------+-------+-------+-------++-------
Melee: War axe           |    85 |   147 |   367 |   678 ||  1277
       Tailslap          |     5 |    14 |    47 |    86 ||   152
Throw: Stone             |     6 |       |       |       ||     6
       Boomerang         |     1 |    18 |    12 |    23 ||    54
Invok: Elemental Force   |       |       |     1 |     6 ||     7
       Upheaval          |       |       |     1 |       ||     1
       Disaster Area     |       |       |       |     1 ||     1
 Abil: Rolling Charge    |    12 |    16 |    11 |    19 ||    58
Evoke: Wand              |       |       |       |     3 ||     3
  Use: Potion            |     1 |     1 |     1 |     2 ||     5
       Scroll            |       |     4 |     4 |     7 ||    15
Armor: Scale mail        |    47 |   103 |   133 |     3 ||   286
       Chain mail        |       |       |       |   210 ||   210
       Plate armour      |       |       |       |    44 ||    44
Dodge: Dodged            |    15 |    35 |    70 |    43 ||   163
Block: Kite shield       |    36 |    79 |   188 |    83 ||   386
       Tower shield      |       |       |       |   541 ||   541

Table legend: (Time is in decaauts)
 A = Elapsed time spent in this place.
 B = Non-inter-level travel time spent in this place.
 C = Inter-level travel time spent in this place.
 D = Time resting spent in this place.
 E = Time spent auto-exploring this place.
 F = Levels seen in this place.
 G = Mean time per level.
                   A        B        C        D        E       F      G
               +--------+--------+--------+--------+--------+-----+--------+
         Total |  15795 |  15403 |    392 |   1915 |  10921 |  14 | 1128.2 |
       Dungeon |  14594 |  14218 |    376 |   1913 |  10154 |  11 | 1326.7 |
  Orcish Mines |    973 |    957 |     16 |      2 |    697 |   2 |  486.5 |
       Ossuary |    227 |    227 |      0 |      0 |     70 |   1 |  227.0 |
               +--------+--------+--------+--------+--------+-----+--------+

Top non-repeatable levels by time:
    D:10: 2127 daAuts
     D:9: 1851 daAuts
     D:8: 1830 daAuts
    D:11: 1642 daAuts
     D:2: 1371 daAuts
     D:7: 1238 daAuts
     D:1: 1230 daAuts
     D:6: 988 daAuts
   Orc:1: 914 daAuts
     D:3: 914 daAuts
     D:4: 778 daAuts
     D:5: 621 daAuts
 Ossuary: 227 daAuts
   Orc:2: 58 daAuts
